 Dungeon Crawl Stone Soup version 0.19-a0-32-gbfd796a (webtiles) character file.

186 epen the Ruffian (level 5, 0/46 HPs)
             Began as a Ghoul Monk on May 2, 2016.
             Slain by an adder (3 damage)
             ... on level 3 of the Dungeon.
             The game lasted 00:03:21 (2700 turns).

epen the Ruffian (Ghoul Monk)                       Turns: 2700, Time: 00:03:22

Health: 0/46       AC:  2    Str: 15    XL:     5   Next: 65%
Magic:  4/4        EV: 13    Int:  7    God:
Gold:   161        SH:  3    Dex: 12    Spells: 0 memorised, 4 levels left

rFire  . . .     SeeInvis .       - Unarmed
rCold  + . .     Gourm    .     a - +0 robe
rNeg   + + +     Faith    .     (no shield)
rPois  ∞         Spirit   .     (no helmet)
rElec  .         Dismiss  .     (no cloak)
rCorr  .         Reflect  +     (no gloves)
SustAt .         Harm     .     (no boots)
MR     .....                    f - +3 amulet of reflection
Stlth  ++........               (no ring)
                                h - +2 ring of intelligence

@: rotting, not resistant to hostile enchantments, unstealthy
A: rotting body, claws 1, carnivore 3, cold resistance 1, negative energy
resistance 3, slow regeneration 1, torment resistance, unbreathing
a: no special abilities


You were on level 3 of the Dungeon.
You were not hungry.

You visited 1 branch of the dungeon, and saw 3 of its levels.

You collected 161 gold pieces.

Inventory:

Armour
 a - a +0 robe (worn)
Jewellery
 f - a +3 amulet of reflection (around neck)
 h - a +2 ring of intelligence (left claw)
Scrolls
 d - a scroll of fear {unknown}
 e - 2 scrolls of recharging {unknown}
 g - 8 scrolls of identify {unknown}
 k - a scroll of noise {unknown}
 p - a scroll of blinking {unknown}
Potions
 c - a potion of might {unknown}
 i - a potion of mutation {unknown}
 j - a potion of cure mutation {unknown}
 l - a potion of flight {unknown}
 m - a potion of brilliance {unknown}
 n - a potion of degeneration {unknown}
 q - a potion of invisibility {unknown}
Comestibles
 b - a meat ration
 o - a chunk of flesh


   Skills:
 + Level 3.9 Fighting
 + Level 1.6 Armour
 * Level 3.7 Dodging
 + Level 3.5 Stealth
 * Level 5.1 Unarmed Combat


You had 4 spell levels left.
You didn't know any spells.

Dungeon Overview and Level Annotations

Branches:
Dungeon (3/15)

Altars:
Vehumet


Innate Abilities, Weirdness & Mutations

Your body is rotting away.
You thrive on raw meat.
You are immune to poison.
You have sharp fingernails.
You are carnivorous and can eat meat at any time.
Your flesh is cold resistant.
You are immune to negative energy.
You regenerate slowly when monsters are visible.
You are immune to unholy pain and torment.
You can survive without breathing.


Message History

You miss the adder. The adder bites you. x2
You barely miss the adder. The adder bites you. The adder closely misses you.
You completely miss the adder. The adder bites you.
* * * LOW HITPOINT WARNING * * *
The adder bites you.
* * * LOW HITPOINT WARNING * * *
You are too injured to fight recklessly!
You are too injured to fight recklessly!
You block the adder's attack. You block the adder's attack.
The adder bites you.
* * * LOW HITPOINT WARNING * * *
You are too injured to fight recklessly!
You are too injured to fight recklessly!
You are too injured to fight recklessly!
You are too injured to fight recklessly!
Drink which item? (? for menu, Esc to quit)
It was a potion of cancellation.
You feel magically purged. The adder bites you.
You die...

.#..# .#..# ### .#..#
#.. ....# #.# ....# #(#
##### ##.## #
#######.#.## #
#......###.# #
#.#####@#.## # #.#
##S## # #.# #S########
# #)# #.[......# # #.#
#.(........ #
######.######.######.##
#.....#...##...##
##.####.##.#.....#
####...###.##....>...#


You could see 2 adders.

Vanquished Creatures
  An orc priest (D:3)
  The ghost of M4edhros the Grave Robber, a weakling OpNe (D:3)
  A hound skeleton (D:2)
  4 adders (D:3)
  3 adder skeletons (D:2)
  2 worms
  2 dart slugs (D:1)
  2 giant geckos (D:1)
  7 orcs
  6 bats
  A bat skeleton (D:2)
  3 bat zombies (D:2)
  3 giant cockroaches
  10 goblins
  3 hobgoblins
  4 jackals
  4 kobolds
  A quokka (D:2)
  A ball python (D:1)
  A ball python skeleton (D:2)
  2 giant newts
  A quokka skeleton (D:2)
  7 rats
70 creatures vanquished.

Notes
Turn   | Place    | Note
--------------------------------------------------------------
     0 | D:1      | epen the Ghoul Monk began the quest for the Orb.
     0 | D:1      | Reached XP level 1. HP: 19/19 MP: 0/0
   329 | D:1      | Reached XP level 2. HP: 23/26 MP: 1/1
   611 | D:1      | Reached XP level 3. HP: 28/30 MP: 2/2
  1034 | D:2      | Reached skill level 1 in Armour
  1260 | D:2      | Reached XP level 4. HP: 17/38 MP: 3/3
  2423 | D:3      | Reached skill level 5 in Unarmed Combat
  2423 | D:3      | Reached XP level 5. HP: 45/45 MP: 4/4
  2440 | D:3      | Noticed M4edhros's ghost (weakling OpNe)
  2449 | D:3      | Killed M4edhros's ghost
  2580 | D:3      | Found a radiant altar of Vehumet.
  2700 | D:3      | Slain by an adder

Vault maps used:
D:1:      dpeg_arrival_brainrot
D:2:      serial_undead, serial_undead_d, serial_undead_d, serial_undead_e,
          serial_undead_f, serial_undead_f, serial_undead_a, first_bread
D:3:      fiery_altar_vehumet

Skill      XL: |  1  2  3  4 |
---------------+-------------+-----
Dodging        | 3 |  3.7
Armour         | 1 |  1.6
Stealth        | 3 |  3.5
Unarmed Combat | 5 |  5.1
Fighting       | |  3.9

Action                   |  1- 3 |  4- 6 || total
-------------------------+-------+-------++-------
Melee: Unarmed           |   101 |   114 ||   215
       Punch             |     6 |     1 ||     7
  Use: Potion            |       |     1 ||     1
 Stab: Sleeping          |     6 |     3 ||     9
  Eat: Chunk             |     4 |     5 ||     9
Armor: Robe              |    24 |    23 ||    47
Dodge: Dodged            |    85 |    90 ||   175
Block: Other             |     8 |    17 ||    25
       Reflection        |       |     1 ||     1
